 Dungeon Crawl Stone Soup version 0.32-a0-520-g344ed53f66 (webtiles) character file.

Game seed: 15051026784855934634

5 BubbleThief the Cudgeller (level 1, -1/19 HPs)
             Began as a Mountain Dwarf Cinder Acolyte on Feb 27, 2024.
             Was a High Priest of Ignis.
             Slain by a gnoll
             ... wielding a +0 club
              (3 damage)
             ... on level 1 of the Dungeon.
             The game lasted 00:00:21 (130 turns).

BubbleThief the Cudgeller (MDCA)                     Turns: 130, Time: 00:00:22

Health: -1/19      AC:  2    Str: 16    XL:     1   Next: 66%
Magic:  2/2        EV: 11    Int: 14    God:    Ignis [*****.]
Gold:   38         SH:  0    Dex:  5    Spells: 2/2 levels left

rFire   + . .        a - -1 mace (flame)
rCold   . . .        (no shield)
rNeg    . . .        b - +0 robe
rPois   .            (no helmet)
rElec   .            (no cloak)
rCorr   .            (no gloves)
SInv    .            (no boots)
Will    .....        (no amulet)
Stlth   +            (no ring)
HPRegen 0.23/turn    (no ring)
MPRegen 0.08/turn

%: no passive effects
@: no status effects
A: runic magic, artefact enchanting
a: Renounce Religion, Fiery Armour, Foxfire Swarm, Rising Flame


You were on level 1 of the Dungeon.
You worshipped Ignis.
Ignis was extremely pleased with you.
You visited 1 branch of the dungeon, and saw 1 of its levels.

You collected 38 gold pieces.

Inventory:

Hand Weapons
 a - a -1 mace of flaming (weapon)
Armour
 b - a +0 robe (worn)
Scrolls
 c - a scroll of amnesia {unknown}


   Skills:
 + Level 3.4 Fighting
 + Level 3.7 Maces & Flails
 + Level 1.1 Spellcasting
 + Level 3.7 Fire Magic


You had 2 spell levels left.
You didn't know any spells.
Your spell library contained the following spells:

 Spells                   Type           Power      Damage    Failure   Level
 Scorch                   Fire           22%        2d5       9%          2


Dungeon Overview and Level Annotations

Branches:
Dungeon (1/15)

Altars:


Innate Abilities, Weirdness & Mutations

Your spellcasting is much less encumbered by armour.
You can use scrolls of enchantment on lesser artefacts.


Message History

The endoplasm quivers.
You hit the giant cockroach but do no damage.
The giant cockroach bites you but does no damage.
The giant cockroach bites you.
You closely miss the giant cockroach. The giant cockroach bites you.
You hit the giant cockroach. You burn the giant cockroach.
You kill the giant cockroach!
The endoplasm freezes you.
You are frozen.
You see here a giant cockroach corpse.
You hit the endoplasm. You burn the endoplasm.
You kill the endoplasm!
No target in view!
No target in view!
HP restored.
Found 3 stones.
A rat comes into view.
The rat closely misses you.
You sock the rat! You burn the rat.
You kill the rat!
No target in view!
You now have 38 gold pieces (gained 10).
A malevolent force fills the Dungeon... and a teleportation trap spontaneously manifests!
You are yanked towards some nearby monsters!
Your surroundings suddenly seem different.
A gnoll and a bat come into view.
Found an escape hatch in the floor.
The gnoll barely misses you.
There are monsters nearby!
You hit the gnoll but do no damage. The bat hits you.
The gnoll hits you with a +0 club.
You hit the gnoll but do no damage. The bat closely misses you.
The gnoll hits you with a +0 club. x2
* * * LOW HITPOINT WARNING * * *
You hit the gnoll. You burn the gnoll.
The gnoll is severely wounded.
The bat hits you.
* * * LOW HITPOINT WARNING * * *
The gnoll hits you with a +0 club.
You die...
Ignis goes out, and joins you in death.

#####..........
.#................ ...
.................# ..
.................##.###.
........................
........................
###.....................
..#..........##>........
#.#.†........##.@.......
#.#.....#....##g........
#.#..........##...b.....
#.##....................
#.#....##....##.........
#.#.#### ....##.........
#...#####.... #.........
#.#.......... #.........
#.#.#####...


You could see a gnoll and a bat.

Vanquished Creatures
  A ball python (D:1)
  An endoplasm (D:1)
  A giant cockroach (D:1)
  A frilled lizard (D:1)
  A rat (D:1)
5 creatures vanquished.

Notes
Turn   | Place    | Note
-------+----------+-------------------------------------------
     0 | D:1      | BubbleThief the Mountain Dwarf Cinder Acolyte began the
                  | quest for the Orb.
     0 | D:1      | Reached XP level 1. HP: 19/19 MP: 2/2
    85 | D:1      | Found a faded altar of an unknown god.
   130 | D:1      | Slain by a gnoll

Illustrated notes

Levels and vault maps discovered:
D:1:      matt_arrival_refuge, layout_rooms, ebering_ecumenical_altar_webs

Action                     || total
---------------------------++-------
  Melee: Mace              ||    10
 Armour: Robe              ||    10
  Dodge: Dodged            ||     3

Table legend: (Time is in decaauts)
 A = Elapsed time spent in this place.
 B = Non-inter-level travel time spent in this place.
 C = Inter-level travel time spent in this place.
 D = Time resting spent in this place.
 E = Time spent auto-exploring this place.
 F = Levels seen in this place.
 G = Mean time per level.
                   A        B        C        D        E       F      G
               +--------+--------+--------+--------+--------+-----+--------+
         Total |    132 |    132 |      0 |      0 |    102 |   1 |  132.0 |
       Dungeon |    132 |    132 |      0 |      0 |    102 |   1 |  132.0 |
               +--------+--------+--------+--------+--------+-----+--------+

Top non-repeatable levels by time:
     D:1: 132 daAuts
